 Dungeon Crawl Stone Soup version 0.28.0 (webtiles) character file.

Game seed: 17838156800209835263

130 Morbidden the Skirmisher (level 4, 0/37 HPs)
             Began as a Demonspawn Fighter on Feb 15, 2022.
             Slain by an orc (6 damage)
             ... while paralysed by Grinder
             ... on level 3 of the Dungeon.
             The game lasted 00:02:00 (2304 turns).

Morbidden the Skirmisher (Demonspawn Fighter)       Turns: 2304, Time: 00:02:01

Health: 0/37       AC:  8    Str: 18    XL:     4   Next: 89%
Magic:  4/4        EV:  2    Int: 10    God:
Gold:   93         SH:  0    Dex: 12    Spells: 3/3 levels left

rFire   . . .      SeeInvis .   b - +0 short sword (elec)
rCold   . . .      Faith    .   c - +0 buckler
rNeg    . . .      Spirit   .   n - +0 scale mail
rPois   .          Reflect  .   (no helmet)
rElec   .          Harm     .   (no cloak)
rCorr   .          Rampage  .   (no gloves)
Will    .....                   (no boots)
Stlth   ..........              (no amulet)
HPRegen 0.12/turn               (no ring)
MPRegen 0.09/turn               (no ring)

@: paralysed
A: yellow scales 1, weakness stinger 2
a: no special abilities


You were on level 3 of the Dungeon.
You visited 1 branch of the dungeon, and saw 3 of its levels.

You collected 93 gold pieces.

Inventory:

Hand Weapons
 a - a +0 long sword
 b - a +0 short sword of electrocution (weapon)
Missiles
 g - 6 poisoned darts (quivered)
Armour
 c - a +0 buckler (worn)
 n - a +0 scale mail (worn)
Scrolls
 f - a scroll of fog {unknown}
 h - 6 scrolls of identify {unknown}
 i - a scroll of amnesia {unknown}
 j - a scroll of enchant armour {unknown}
 k - a scroll of teleportation {unknown}
Potions
 d - 3 potions of might
 e - a potion of curing
 l - a potion of attraction {unknown}
 m - 2 potions of heal wounds {unknown}
 o - a potion of haste {unknown}


   Skills:
 * Level 3.7 Fighting
 * Level 3.2 Long Blades
 + Level 3.2 Armour
 * Level 1.1 Dodging
 + Level 2.9 Shields


You had 3 spell levels left.
You didn't know any spells.
Your spell library contained the following spells:

 Spells                   Type           Power      Damage    Failure   Level
 Apportation              Tloc           0%         N/A       83%         1
 Alistair's Intoxication  Tmut/Pois      0%         N/A       100%        5


Dungeon Overview and Level Annotations

Branches:
Dungeon (3/15)

Altars:

Annotations:
D:3 Grinder


Innate Abilities, Weirdness & Mutations

You are partially covered in yellow scales. (AC +2)
You have a tail ending in a sharp stinger.


Message History

No target in view!
Things that are here:
a +0 dagger; a kobold corpse No target in view!
You now have 93 gold pieces (gained 8).
Grinder is nearby!
A rat comes into view.
Grinder shouts!
The orc shouts!
Grinder blinks!
There are monsters nearby!
A worm comes into view.
There are monsters nearby!
You hit the rat but do no damage. Lightning courses through the rat!
You kill the rat!
You see here a rat corpse.
You hit Grinder.
Grinder is lightly wounded.
Grinder gestures at you. Pain shoots through your body!
You closely miss Grinder.
Grinder is lightly wounded.
Grinder says, "My boss said I was rubbish.
His entrails said otherwise."
Grinder gestures at you. Pain shoots through your body!
You block the orc's attack. Grinder hits you.
You hit Grinder but do no damage.
Grinder is lightly wounded.
You block the orc's attack. Grinder barely misses you.
You closely miss Grinder.
Grinder is lightly wounded.
A quokka comes into view.
The orc barely misses you. Grinder gestures at you.
You suddenly lose the ability to move!
The orc hits you with a +0 mace. Grinder hits you but does no damage.
The orc hits you with a +0 mace.
Grinder says, "You look like you could use a good racking."
Grinder hits you.
You writhe in agony.
* * * LOW HITPOINT WARNING * * *
The orc hits you with a +0 mace.
You die...

...# .. ...#
...# ### .o##
##..# ...#
##....###..##
##....w.##.#.#
...r..5@o...#
...#####.#..#
##.#.# ###.#
#.# #.# #.#
#.# #.#


You could see Grinder, a worm, an orc and a quokka.

Vanquished Creatures
  A hound (D:2)
  A jelly (D:2)
  3 adders (D:2)
  2 worms (D:2)
  A dart slug (D:2)
  2 orcs (D:3)
  3 ball pythons (D:2)
  5 bats
  2 endoplasms (D:1)
  A giant cockroach (D:3)
  A goblin (D:2)
  2 hobgoblins
  4 kobolds
  2 quokkas (D:2)
  6 rats
36 creatures vanquished.

Notes
Turn   | Place    | Note
-------+----------+-------------------------------------------
     0 | D:1      | Morbidden the Demonspawn Fighter began the quest for the
                  | Orb.
     0 | D:1      | Reached XP level 1. HP: 18/18 MP: 1/1
   711 | D:2      | Gained mutation: You have a small tail. [demonic ancestry]
   711 | D:2      | Reached XP level 2. HP: 9/24 MP: 2/2
  1247 | D:2      | Gained mutation: You have a tail ending in a sharp stinger.
                  | [demonic ancestry]
  1247 | D:2      | Reached XP level 3. HP: 29/29 MP: 3/3
  1473 | D:2      | Reached skill level 1 in Dodging
  1473 | D:2      | Gained mutation: You are partially covered in yellow
                  | scales. (AC +2) [demonic ancestry]
  1473 | D:2      | Reached XP level 4. HP: 30/37 MP: 4/4
  2050 | D:2      | Found a faded altar of an unknown god.
  2082 | D:3      | Noticed Grinder
  2301 | D:3      | Paralysed by Grinder for 6 turns
  2304 | D:3      | Slain by an orc

Illustrated notes

Levels and vault maps discovered:
D:1:      shiori_arrival_maze, layout_loops_ring, minmay_fountain_box
D:2:      layout_basic, shapermc_ecumenical_altar_mp_vishouse,
          serial_park_tiny_2
D:3:      layout_loops_ring, fedhas_altar_3, gammafunk_ghost_grave,
          grunt_ministairs_2, minivault_19, uniq_grinder,
          uniq_crazy_yiuf_cottage

Skill      XL: |  1  2  3  4 |
---------------+-------------+-----
Long Blades    | 2 3 |  3.2
Armour         | 3 |  3.2
Dodging        | 1 |  1.1
Fighting       | |  3.7
Shields        | |  2.9

Action                   |  1- 3 |  4- 6 || total
-------------------------+-------+-------++-------
Melee: Long sword        |    53 |    11 ||    64
       Tailslap          |     2 |     3 ||     5
       Short sword       |       |    39 ||    39
Throw: Dart              |       |     4 ||     4
  Use: Potion            |       |     1 ||     1
Armor: Scale mail        |    18 |    18 ||    36
Dodge: Dodged            |    26 |    30 ||    56
Block: Buckler           |    10 |    12 ||    22
